[Event "1st Turkish League 2017"]
[Site "Konya"]
[Date "2017.07.18"]
[Round "2"]
[White "Dedebas, Emre Emin"]
[Black "Firat, Mehmet Bugra"]
[Result "1-0"]
[ECO "D23"]
[WhiteElo "2322"]
[BlackElo "1586"]
[Annotator "NA"]
[PlyCount "127"]
[EventType "team-tourn"]
[EventCountry "TUR"]
[SourceTitle "playchess.com"]
[Source "ChessBase"]
[SourceQuality "1"]
[TimeControl "5400+30"]

1. d4 d5 2. c4 c6 3. Nf3 Nf6 4. Qc2 dxc4 5. Qxc4 Bf5 6. g3 e6 7. Bg2 Nbd7 8. O-O Be7 9. Nc3 Ne4 10. Bf4 O-O 11. Rfe1 {[%emt 0:28:30] LiveBook: 50 Games} Re8 {[%emt 0:05:30] D23: Queen's Gambit Accepted: 3 Nf3 Nf6 sidelines} (11... Nxc3 12. bxc3 Be4 13. Qb3 c5 14. Ne5 Bxg2 15. Kxg2 Nxe5 16. Bxe5 Qd7 17. e4 b5 18. Rad1 c4 19. Qc2 {0-1 (52) Brunello,S (2587)-Kobalia,M (2666) Plovdiv 2012}) 12. Ne5 Nxe5 13. dxe5 Nxc3 14. bxc3 $146 ({Predecessor:} 14. Qxc3 Bg4 15. h3 Bh5 16. Be3 Qc7 17. Rac1 Red8 18. a3 {½-½ (18) Figlio,G (2447)-Cilloniz Razzeto,A (2440) ICCF email 2009}) 14... Qc7 15. h4 h6 16. h5 Red8 17. Bf3 Rac8 18. a4 Rd7 19. a5 Bh7 20. Kg2 Rdd8 21. Qb3 Bc5 22. Ra4 b5 23. axb6 Qxb6 24. Qxb6 Bxb6 25. Rea1 Bc2 26. R4a3 Rc7 27. R1a2 Bb1 28. Rb2 Bf5 29. Ra6 Kf8 30. g4 Bh7 31. g5 hxg5 32. Bxg5 Rdc8 33. Rb4 Bf5 $16 34. Bg4 Bxg4 35. Rxg4 Rd7 36. h6 gxh6 37. Bxh6+ Ke7 38. Bg5+ f6 39. Bxf6+ Kf8 40. Raa4 Rh7 41. Raf4 Ke8 42. Bg7 Rc7 43. Rf8+ Kd7 44. Rf3 Kc8 45. Bf8 Kb7 46. c4 c5 47. Rg6 Rc6 48. Bd6 Rh4 49. Rc3 a5 50. Rxe6 Ka6 51. Kg3 Rh1 52. f4 a4 53. f5 Ka5 54. f6 Rf1 55. Re8 Rxd6 56. exd6 Rxf6 57. Rd3 Rxd6 58. Rxd6 Bc7 59. Ra8+ Kb4 60. Raa6 Kxc4 61. Rxa4+ Kb3 62. Raa6 c4 63. Kf3 Bxd6 64. Rxd6 1-0

[Event "1st Turkish League 2017"]
[Site "Konya"]
[Date "2017.07.20"]
[Round "2"]
[White "Kilic, Efe Mert"]
[Black "Gulbeyaz, Emir"]
[Result "0-1"]
[ECO "B40"]
[WhiteElo "2287"]
[BlackElo "1952"]
[Annotator "ChessBase"]
[PlyCount "92"]
[EventType "team-tourn"]
[EventCountry "TUR"]
[SourceTitle "playchess.com"]
[Source "ChessBase"]
[SourceQuality "1"]
[TimeControl "5400+30"]

1. e4 c5 2. Nf3 e6 3. c4 Nc6 4. Nc3 a6 5. Be2 Nd4 6. O-O Ne7 7. d3 g6 8. Be3 Bg7 9. Qd2 O-O 10. Bh6 d6 11. Rab1 d5 12. Bxg7 Kxg7 13. Qf4 Nxf3+ 14. Bxf3 d4 15. Na4 b6 16. b4 Bd7 17. Bd1 Bxa4 18. Bxa4 Qb8 19. e5 Qc7 20. Qf6+ Kg8 21. h4 h5 22. Bd1 Nf5 23. g4 hxg4 24. Bxg4 Qd8 25. Qxd8 Rfxd8 26. Bxf5 gxf5 27. bxc5 bxc5 28. Rb7 Kh7 29. Rxf7+ Kg6 30. Rf6+ Kh5 31. Rb1 Kg4 32. Rb6 Kf3 33. Kf1 Rh8 34. Rbxe6 f4 35. Rxa6 Rxa6 36. Rxa6 Rxh4 37. Ke1 Rh1+ 38. Kd2 Kxf2 39. Rf6 f3 40. e6 Ra1 41. Kc2 Rxa2+ 42. Kb3 Rd2 43. Rf5 Rxd3+ 44. Kc2 Re3 45. Rxc5 Ke2 46. Rf5 d3+ 0-1

[Event "1st Turkish League 2017"]
[Site "Konya"]
[Date "2017.07.20"]
[Round "2"]
[White "Annaberdiyev, Babageldi"]
[Black "Ozdover, Mustafa Berkay"]
[Result "1/2-1/2"]
[ECO "D12"]
[WhiteElo "2262"]
[BlackElo "2120"]
[Annotator "ChessBase"]
[PlyCount "86"]
[EventType "team-tourn"]
[EventCountry "TUR"]
[SourceTitle "playchess.com"]
[Source "ChessBase"]
[SourceQuality "1"]
[TimeControl "5400+30"]

1. Nf3 d5 2. d4 Nf6 3. e3 Bf5 4. c4 c6 5. Nc3 e6 6. Qb3 Qb6 7. c5 Qc7 8. Bd2 Nbd7 9. Rc1 Be7 10. Ne2 O-O 11. Ng3 Bg6 12. Bd3 Ne4 13. Qc2 f5 14. b4 a6 15. Ne2 Bf6 16. a4 Bf7 17. h4 Kh8 18. Rb1 e5 19. dxe5 Nxe5 20. Bxe4 fxe4 21. Nxe5 Bxe5 22. h5 d4 23. exd4 Bf6 24. h6 gxh6 25. Be3 Qd7 26. Rxh6 Bg7 27. Rh2 Bg6 28. Rd1 Rad8 29. Nf4 Bf5 30. d5 cxd5 31. Rxd5 Qf7 32. Rxf5 Qxf5 33. Rh5 Qg4 34. g3 Rf7 35. Rh4 Qf3 36. Ne6 Rd3 37. Rxh7+ Kg8 38. Rxg7+ Rxg7 39. Nxg7 Kxg7 40. b5 axb5 41. axb5 Qh1+ 42. Ke2 Qf3+ 43. Ke1 Qh1+ 1/2-1/2

[Event "1st Turkish League 2017"]
[Site "Konya"]
[Date "2017.07.20"]
[Round "2"]
[White "Yaver, Faik Emre"]
[Black "Dogan, Nazmi Can"]
[Result "0-1"]
[ECO "C55"]
[WhiteElo "2100"]
[BlackElo "2242"]
[Annotator "ChessBase"]
[PlyCount "80"]
[EventType "team-tourn"]
[EventCountry "TUR"]
[SourceTitle "playchess.com"]
[Source "ChessBase"]
[SourceQuality "1"]
[TimeControl "5400+30"]

1. e4 e5 2. Nf3 Nc6 3. Bc4 Nf6 4. d3 Be7 5. O-O O-O 6. Re1 d6 7. a4 Kh8 8. a5 a6 9. c3 Ng8 10. Qb3 f5 11. Nbd2 g5 12. Nf1 g4 13. N3d2 f4 14. Bd5 Bf6 15. Nc4 Nge7 16. d4 Qe8 17. dxe5 dxe5 18. Qd1 h5 19. b3 Qg6 20. Ba3 Re8 21. Ra2 h4 22. Rd2 Kg7 23. g3 Bg5 24. Rd3 Ng8 25. Bxc6 bxc6 26. Bc1 Nh6 27. Nxe5 Rxe5 28. gxf4 Bxf4 29. Bxf4 Re8 30. Rd8 Be6 31. Qd4+ Kh7 32. Rxa8 Rxa8 33. Bxc7 Nf7 34. Bf4 Rd8 35. Qb6 Qf6 36. Be3 Ne5 37. Rc1 h3 38. Bd4 Nf3+ 39. Kh1 Nxd4 40. cxd4 Qf3+ 0-1

[Event "1st Turkish League 2017"]
[Site "Konya"]
[Date "2017.07.20"]
[Round "2"]
[White "Salepci, Osman Firat"]
[Black "Rzayev, Askar Aliakbar"]
[Result "0-1"]
[ECO "E14"]
[WhiteElo "2093"]
[BlackElo "2080"]
[Annotator "NA"]
[PlyCount "64"]
[EventType "team-tourn"]
[EventCountry "TUR"]
[SourceTitle "playchess.com"]
[Source "ChessBase"]
[SourceQuality "1"]
[TimeControl "5400+30"]

1. d4 Nf6 2. Nf3 e6 3. e3 b6 4. Bd3 Bb7 5. O-O c5 6. b3 cxd4 7. exd4 Be7 8. Bb2 O-O 9. Nbd2 d6 10. Re1 Nbd7 11. c4 Re8 {[%emt 0:03:30] E14: Queen's Indian: Classical Variation (4 e3)} 12. Rc1 {[%emt 0:03:30] LiveBook: 23 Games} (12. Ne4 Nxe4 13. Bxe4 Bxe4 14. Rxe4 d5 15. cxd5 Nf6 16. Re2 Nxd5 17. g3 Rc8 18. Rc1 Qd7 19. Ne5 {½-½ (55) Koneru,H (2581)-Zhao,X (2514) Beijing 2014}) 12... a5 $146 ({Predecessor:} 12... Rc8 13. Qe2 Bf8 14. Bb1 g6 15. b4 Qc7 16. a3 Qb8 17. h3 Bh6 18. Rcd1 Qa8 19. Ba2 {½-½ (46) Mihajlov,S (2346)-Hambleton,A (2441) Stockholm 2017}) 13. a3 d5 14. Bb1 Bd6 15. Ne5 Qe7 16. a4 Bb4 17. Re3 Rac8 18. Rh3 g6 19. Nxd7 Nxd7 20. Nf3 Red8 21. Qe2 Qf6 22. Qe3 Bf8 23. Ng5 h6 $16 24. Nxf7 Qxf7 25. Bxg6 Qe7 26. Re1 Bg7 27. Bf5 Nf8 28. Rg3 Qf6 29. Bh3 dxc4 30. bxc4 Rxc4 31. d5 Qxb2 32. dxe6 Re4 0-1

[Event "1st Turkish League 2017"]
[Site "Konya"]
[Date "2017.07.20"]
[Round "2"]
[White "Erdogan, Anil Berk"]
[Black "Caglar, Ahmet Ata"]
[Result "1/2-1/2"]
[ECO "B33"]
[WhiteElo "2088"]
[BlackElo "2082"]
[Annotator "NA"]
[PlyCount "77"]
[EventType "team-tourn"]
[EventCountry "TUR"]
[SourceTitle "playchess.com"]
[Source "ChessBase"]
[SourceQuality "1"]
[TimeControl "5400+30"]

1. e4 c5 2. Nf3 Nc6 3. d4 cxd4 4. Nxd4 e5 5. Nb5 d6 6. N1c3 a6 7. Na3 b5 8. Nd5 Nf6 9. Bg5 Be7 10. Bxf6 Bxf6 11. c4 b4 12. Nc2 a5 13. h4 {[%emt 0:03:30] B33: Sicilian: Pelikan and Sveshnikov Variations} (13. Qf3 Be6 14. Nxf6+ Qxf6 15. Qxf6 gxf6 16. Bd3 Ke7 17. Kd2 a4 18. g3 Ra5 19. f4 Rc5 20. b3 Ra8 {0-1 (43) Gabuzyan,H (2607)-Vidit,S (2658) Martuni 2016}) 13... Be6 14. g3 Rc8 $146 ({Predecessor:} 14... Rb8 15. Qd3 a4 16. b3 O-O 17. Bh3 Qd7 18. Nxf6+ gxf6 19. g4 Ra8 20. Kd2 Ra5 {½-½ (55) Papp,G (2334)-Amrein,R (2299) Hungary 2015}) 15. b3 O-O 16. Bh3 {[%emt 0:03:30] LiveBook: 3 Games} Nd4 17. Nxd4 exd4 18. Nxf6+ Qxf6 19. Bg2 {[%emt 0:01:30] [#]} d3 $1 20. O-O Qd4 21. Qf3 d2 22. Rad1 d5 23. cxd5 Bd7 24. Qe3 Qxe3 25. fxe3 Rc2 26. Rf2 Rxa2 27. Rfxd2 Ra3 28. Rb2 Rc8 29. Kf2 Rc3 30. Rdb1 f6 31. Bf1 Kf7 32. d6 Ke8 $11 33. Bc4 Bc6 34. Rd1 a4 35. Be6 axb3 36. Rd4 Rc2+ 37. Rxc2 bxc2 38. Rxb4 Ra8 39. Rc4 1/2-1/2

[Event "1st Turkish League 2017"]
[Site "Konya"]
[Date "2017.07.18"]
[Round "2"]
[White "Korkmaz, Necmettin"]
[Black "Keler, Faruk"]
[Result "0-1"]
[ECO "B96"]
[WhiteElo "2078"]
[BlackElo "2262"]
[Annotator "NA"]
[PlyCount "56"]
[EventType "team-tourn"]
[EventCountry "TUR"]
[SourceTitle "playchess.com"]
[Source "ChessBase"]
[SourceQuality "1"]
[TimeControl "5400+30"]

1. e4 c5 2. Nf3 d6 3. d4 Nf6 4. Nc3 cxd4 5. Nxd4 a6 6. Bg5 e6 7. f4 h6 8. Bh4 Qb6 9. a3 Nbd7 {[%emt 0:03:00] B96: Sicilian Najdorf: 6 Bg5 e6 7 f4, lines other than 7...Qb6 and 7...Be7} (9... Be7 10. Bf2 Qc7 11. Qf3 Nbd7 12. O-O-O b5 13. g4 Bb7 14. h4 d5 15. e5 Ne4 16. Rh3 Nxf2 17. Qxf2 {½-½ (43) Caruana,F (2817)-Vachier Lagrave,M (2803) Karlsruhe 2017}) 10. Bf2 Qc7 {[%emt 0:00:30] LiveBook: 19 Games} 11. Qf3 b5 12. O-O-O Bb7 13. Bd3 Rc8 $146 ({Predecessor:} 13... Be7 14. Kb1 Nc5 15. Rhe1 d5 16. e5 Nfe4 17. Bxe4 Nxe4 18. Nxe4 dxe4 {½-½ (105) Salov,S (2234)-Barrientos Chavarriaga,S (2500) Istanbul 2012}) 14. Rhe1 Nb6 $2 (14... Be7 $11 {and Black has nothing to worry.}) 15. g4 $2 (15. Qh3 $18) 15... Nfd7 16. Qh3 e5 17. Nf5 (17. Nf3 $16) 17... g6 18. Bxb6 Qxb6 19. Ne3 {[%emt 0:03:30] [#]} (19. fxe5 $17 Rxc3 20. e6) 19... exf4 $2 (19... Rxc3 $1 $19 20. bxc3 exf4) 20. Ned5 Qd8 21. g5 Bg7 $17 ({Much less strong is} 21... Qxg5 {[#]} 22. e5 $1 $17 ) 22. e5 (22. gxh6 $142 Rxh6 23. Qg2) 22... Nxe5 23. Bxg6 fxg6 24. Qe6+ Kf8 25. Nf6 hxg5 26. Rxd6 Qxf6 27. Qxf6+ Bxf6 28. Rxf6+ Nf7 0-1

[Event "1st Turkish League 2017"]
[Site "Konya"]
[Date "2017.07.20"]
[Round "2"]
[White "Cakiroglu, Metin"]
[Black "Zeydan, Salih"]
[Result "0-1"]
[ECO "A30"]
[WhiteElo "1993"]
[BlackElo "2001"]
[Annotator "NA"]
[PlyCount "88"]
[EventType "team-tourn"]
[EventCountry "TUR"]
[SourceTitle "playchess.com"]
[Source "ChessBase"]
[SourceQuality "1"]
[TimeControl "5400+30"]

1. Nf3 c5 2. c4 Nf6 3. g3 b6 4. Bg2 Bb7 5. O-O d6 6. Nc3 e6 7. d4 cxd4 8. Qxd4 Be7 9. b3 O-O 10. Bb2 {[%emt 0:11:30] A30: Symmetrical English: Double Fianchetto and Hedgehog} (10. Rd1 a6 11. Ba3 Ne8 12. Qf4 Nd7 13. Ne4 d5 14. Bxe7 Qxe7 15. cxd5 Bxd5 16. Rac1 Nef6 17. Nxf6+ Nxf6 18. Ne5 Bxg2 19. Kxg2 {½-½ (48) Ivanchuk,V (2720)-Eljanov,P (2753) Ashdod 2015}) 10... a6 11. Rad1 {[%emt 0:02:30] LiveBook: 14 Games} Nc6 (11... b5 $5) 12. Qf4 Qc7 13. Rd2 Ne5 14. h3 $146 ({Predecessor:} 14. e4 Nfg4 15. Nxe5 Nxe5 16. Qe3 Bc6 17. f4 Ng4 {0-1 (42) Pestov,S (2335)-Nisipeanu,L (2610) Hamburg 1998}) 14... Rfd8 15. Rfd1 Ned7 16. e4 Rac8 17. Qe3 Nc5 18. Nd4 Qb8 19. f4 Qa8 20. Re1 Bf8 21. Bf3 d5 (21... b5 $5) 22. cxd5 exd5 23. e5 Nfe4 24. Nxe4 dxe4 25. Bg4 Rc7 26. Rc1 Qb8 27. Rdc2 Re7 28. Be2 Red7 29. f5 ({White should try} 29. Rf1 $11) 29... Qxe5 30. Ne6 Qxf5 31. Bg4 Qg6 32. Nxf8 Kxf8 33. Bxd7 Rxd7 34. Ba3 h6 35. Rc3 Kg8 36. Bxc5 bxc5 37. Qxc5 Rd3 38. Rxd3 exd3 39. Qe3 Qd6 40. Rd1 Qd5 41. Kf2 Qf5+ 42. Ke1 Be4 43. Kd2 Qa5+ 44. Kc1 Qc3+ 0-1

[Event "1st Turkish League 2017"]
[Site "Konya"]
[Date "2017.07.20"]
[Round "2"]
[White "Cansun, Can Alp"]
[Black "Isik, Alparslan"]
[Result "0-1"]
[ECO "B90"]
[WhiteElo "1959"]
[BlackElo "2211"]
[Annotator "ChessBase"]
[PlyCount "92"]
[EventType "team-tourn"]
[EventCountry "TUR"]
[SourceTitle "playchess.com"]
[Source "ChessBase"]
[SourceQuality "1"]
[TimeControl "5400+30"]

1. e4 c5 2. Nf3 d6 3. d4 cxd4 4. Nxd4 Nf6 5. Nc3 a6 6. Be3 e5 7. Nb3 Be6 8. f3 h5 9. Qd2 Nbd7 10. O-O-O Be7 11. Nd5 Nxd5 12. exd5 Bf5 13. Bd3 Bxd3 14. Qxd3 Bg5 15. Kb1 O-O 16. c4 a5 17. g4 a4 18. Nd2 hxg4 19. fxg4 Bxe3 20. Qxe3 Nc5 21. Rdf1 b5 22. cxb5 Rb8 23. Nc4 Rxb5 24. h4 Rb4 25. Qc3 Na6 26. Ne3 Qd7 27. Rc1 Rfb8 28. Rh2 Nc5 29. h5 Qa7 30. Nc4 a3 31. h6 axb2 32. Rch1 Ne4 33. Qd3 Qd4 34. Qxd4 exd4 35. Rxb2 Nd2+ 36. Nxd2 Rxb2+ 37. Kc1 Rxa2 38. Rh3 Rbb2 39. Rd3 Rc2+ 40. Kd1 Rxd2+ 41. Rxd2 Rxd2+ 42. Kxd2 gxh6 43. Kd3 Kg7 44. Kxd4 Kf6 45. Ke4 Kg5 46. Kf3 f5 0-1

[Event "1st Turkish League 2017"]
[Site "Konya"]
[Date "2017.07.20"]
[Round "2"]
[White "Temel, Burcu Melis"]
[Black "Tandogan, Buket"]
[Result "1-0"]
[ECO "B30"]
[WhiteElo "1846"]
[BlackElo "1911"]
[Annotator "NA"]
[PlyCount "93"]
[EventType "team-tourn"]
[EventCountry "TUR"]
[SourceTitle "playchess.com"]
[Source "ChessBase"]
[SourceQuality "1"]
[TimeControl "5400+30"]

1. e4 c5 2. Nf3 e6 3. d3 Nc6 4. g3 Nf6 5. Bg2 Be7 6. O-O d6 7. Re1 O-O 8. Nbd2 Qc7 9. Nf1 {[%emt 0:06:30] B30: Sicilian: 2...Nc6 3 Bb5, lines without ...g6} (9. c3 b6 10. a3 Ne5 11. Nxe5 dxe5 12. a4 Ba6 13. Nc4 Bxc4 14. dxc4 Rad8 15. Qc2 a5 16. Bf1 Ne8 17. Bd3 Qd7 {½-½ (31) Ivanchuk,V (2710)-Akopian,V (2648) Doha 2015}) 9... Rb8 10. e5 $146 ({Predecessor:} 10. h4 b5 11. Ng5 h6 12. Nh3 d5 13. e5 Nd7 14. f4 Nb6 15. c3 b4 16. Qh5 bxc3 17. bxc3 {1-0 (56) Morgunov,M (2072)-Berger,H (2008) St Johann im Pongau 2016}) 10... Nd7 (10... dxe5 $17 11. b3 Rd8) 11. exd6 Bxd6 12. Ng5 Nf6 13. Ne3 Ne5 (13... h6 $5 14. Ne4 Nxe4 15. Bxe4 b5 $11) 14. f4 Ned7 15. Nc4 h6 16. Ne4 Nxe4 17. dxe4 Be7 18. e5 b5 19. Nd2 Rd8 20. Qg4 Qa5 21. c3 c4 22. b4 cxb3 23. Nxb3 Qc7 24. Be3 Nc5 25. Nd4 Bd7 26. Rad1 Qa5 27. Bc6 Rbc8 28. Bxd7 Rxd7 29. Nxe6 Nxe6 30. Rxd7 Qxc3 31. Qe2 Qxe3+ 32. Qxe3 Bc5 33. Qxc5 Rxc5 34. Re2 a5 35. Red2 b4 36. Rb7 Rc1+ 37. Kg2 Nc5 $18 (37... Rc8 $142 38. Ra7 Rc4 39. Rxa5 Kh7) 38. Rc7 Rc3 39. Rd5 Ne4 40. Rxc3 bxc3 41. Rd8+ Kh7 42. Rc8 Kg6 43. Kf3 Nd2+ 44. Ke2 Nb1 45. g4 h5 46. h3 hxg4 47. hxg4 1-0

[Event "1st Turkish League 2017"]
[Site "Konya"]
[Date "2017.07.20"]
[Round "2"]
[White "Ince, Safiye Oyku"]
[Black "Saim, Sida"]
[Result "1-0"]
[ECO "B50"]
[WhiteElo "1740"]
[BlackElo "1634"]
[Annotator "NA"]
[PlyCount "111"]
[EventType "team-tourn"]
[EventCountry "TUR"]
[SourceTitle "playchess.com"]
[Source "ChessBase"]
[SourceQuality "1"]
[TimeControl "5400+30"]

1. e4 c5 2. Nf3 d6 3. c3 Nf6 4. Bc4 e6 5. Qe2 Be7 6. O-O O-O 7. Bb3 h6 8. d3 Nbd7 9. Ne1 Qc7 10. f4 Nb6 11. Rf3 d5 12. e5 Nh7 13. Rg3 Kh8 14. Qh5 Bd8 15. Nf3 f5 16. exf6 Bxf6 17. Nh4 Bxh4 18. Qxh4 Qd8 19. Qg4 Qf6 20. Qe2 Qf7 21. Be3 Nd7 22. d4 Nhf6 23. Bc2 Nh5 24. Rf3 cxd4 25. cxd4 Ndf6 26. Bc1 Bd7 27. Nc3 g6 28. h3 Ng7 29. Rg3 Nf5 30. Rd3 Nd6 31. Rf3 Bc6 32. Qe5 Nc4 33. Qe1 Nd6 34. Qh4 Kh7 35. f5 exf5 36. Qxh6+ Kg8 37. Rg3 Be8 38. Bf4 Nc8 39. Bxf5 Ne7 40. Bc2 Nh5 41. Qxh5 Qxf4 42. Nxd5 Qxg3 43. Nxe7+ Kg7 44. Qe2 Qd6 45. Qe4 Rd8 46. d5 Rf4 47. Qe3 Bf7 48. Re1 Rc4 49. Bxg6 Bxg6 50. Nxg6 Qxd5 51. Ne5 Rc5 52. Qg5+ Kf8 53. Rf1+ Ke8 54. Qg6+ Ke7 55. Qf6+ Ke8 56. Qf8# 1-0

[Event "1st Turkish League 2017"]
[Site "Konya"]
[Date "2017.07.20"]
[Round "2"]
[White "Sahin, Hayrun Nisa"]
[Black "Erece, Ece Alkim"]
[Result "1/2-1/2"]
[ECO "D94"]
[WhiteElo "1576"]
[BlackElo "1829"]
[Annotator "NA"]
[PlyCount "100"]
[EventType "team-tourn"]
[EventCountry "TUR"]
[SourceTitle "playchess.com"]
[Source "ChessBase"]
[SourceQuality "1"]
[TimeControl "5400+30"]

1. e4 c5 2. Nf3 g6 3. c3 Bg7 4. d4 cxd4 5. cxd4 d5 6. exd5 Nf6 7. Nc3 Nxd5 8. Bc4 Nb6 9. Bb3 O-O 10. O-O Nc6 11. d5 Na5 12. Re1 Nxb3 13. axb3 h6 {[%emt 0:03:30] D94: Grünfeld: 4 Nf3 Bg7 5 e3} (13... Bg4 14. h3 Bxf3 15. Qxf3 Re8 16. Bg5 Bxc3 17. bxc3 Qxd5 18. Qxd5 Nxd5 19. c4 f6 20. cxd5 fxg5 21. Rac1 {½-½ (33) Grachev,B (2683)-Goganov,A (2562) Ekaterinburg 2013}) 14. Bf4 $146 ({Predecessor:} 14. h3 Qd6 15. Be3 Bf5 16. Qd2 g5 17. Nd4 Bd7 18. Ra5 a6 19. Nf3 g4 20. hxg4 Bxg4 21. Ne4 {½-½ (67) Savina,A (2387)-Balaian,A (2230) Sochi 2016}) 14... Bg4 15. h3 Bxf3 16. Qxf3 Nc8 17. g4 Qb6 18. Na4 (18. d6 $5 exd6 19. Nd5 $14) 18... Qb4 19. Re4 Qb5 20. Rd1 Rd8 21. Re3 Rd7 22. Red3 g5 23. Bg3 Nb6 24. Nxb6 Qxb6 25. R1d2 Rad8 26. Qe3 Bf8 27. Qxb6 axb6 28. f4 e6 29. fxg5 hxg5 30. d6 f6 31. Kg2 b5 (31... Kf7 $17) 32. h4 Bh6 ({Black should try} 32... gxh4 $11 33. Bxh4 Rxd6 34. Rxd6 Rxd6 35. Rxd6 Bxd6) 33. Rf2 gxh4 34. Bxh4 Bg7 35. Bxf6 Bxf6 36. Rxf6 Rxd6 37. Re3 Rd2+ 38. Kg3 $11 R8d6 39. Rfxe6 Rxe6 40. Rxe6 Rd3+ 41. Kh4 Rxb3 42. Re2 Kf7 43. Kg5 b4 44. Rc2 Ke6 45. Kg6 b5 46. Rc5 Rxb2 47. Rxb5 b3 48. g5 Kd6 49. Kg7 Rg2 50. Rxb3 Kd5 1/2-1/2

[Event "1st Turkish League 2017"]
[Site "Konya"]
[Date "2017.07.18"]
[Round "3"]
[White "Nechaeva, Marina"]
[Black "Zimina, Olga"]
[Result "1-0"]
[ECO "A43"]
[WhiteElo "2408"]
[BlackElo "2390"]
[Annotator "ChessBase"]
[PlyCount "69"]
[EventType "team-tourn"]
[EventCountry "TUR"]
[SourceTitle "playchess.com"]
[Source "ChessBase"]
[SourceQuality "1"]
[TimeControl "5400+30"]

1. d4 g6 2. c4 Bg7 3. e4 c5 4. d5 d6 5. Nc3 e6 6. Bd3 Ne7 7. h3 O-O 8. Nf3 a6 9. a4 exd5 10. cxd5 h6 11. O-O g5 12. Rb1 Ng6 13. Ne2 Nd7 14. b4 b6 15. bxc5 bxc5 16. Ng3 Nde5 17. Nxe5 Bxe5 18. Nf5 Bg7 19. Nxg7 Kxg7 20. Bd2 f6 21. a5 Rf7 22. Qe2 Re7 23. Rb6 Bb7 24. f4 Qd7 25. e5 fxe5 26. Bxg6 Kxg6 27. fxe5 Kg7 28. Bc3 Kg8 29. Qe4 Rf8 30. Rxf8+ Kxf8 31. e6 Qe8 32. Qf5+ Kg8 33. Qf6 Kh7 34. Rxd6 Ba8 35. Qxe7+ 1-0

[Event "1st Turkish League 2017"]
[Site "Konya"]
[Date "2017.07.18"]
[Round "3"]
[White "Koksal, Ege"]
[Black "Caglar, Ahmet Ata"]
[Result "1-0"]
[ECO "E63"]
[WhiteElo "2390"]
[BlackElo "2082"]
[Annotator "NA"]
[PlyCount "79"]
[EventType "team-tourn"]
[EventCountry "TUR"]
[SourceTitle "playchess.com"]
[Source "ChessBase"]
[SourceQuality "1"]
[TimeControl "5400+30"]

1. d4 Nf6 2. Nf3 g6 3. c4 Bg7 4. g3 O-O 5. Bg2 d6 6. O-O Nc6 7. Nc3 a6 8. Bf4 Rb8 9. Rc1 Bd7 10. Nd5 b5 11. Nxf6+ Bxf6 12. Qd2 e5 13. dxe5 dxe5 14. Bh6 Re8 15. cxb5 axb5 16. Rfd1 Nd4 17. Nxd4 exd4 18. Bf4 Rc8 19. Bb7 c5 20. b3 Qb6 21. Bxc8 Rxc8 22. Bg5 Bg7 23. Bh6 Bf6 24. Bg5 Bg7 25. f3 c4 26. Be3 cxb3 27. Rxc8+ Bxc8 28. axb3 Qe6 29. Bxd4 Bxd4+ 30. Qxd4 Qxe2 31. Qd3 Qe6 32. Kf2 Qh3 33. Qd8+ Kg7 34. Qd4+ Kg8 35. Qh4 Qf5 36. Rd8+ Kg7 37. Qd4+ f6 38. Qa7+ Kh6 39. Qe3+ g5 40. h4 1-0

[Event "1st Turkish League 2017"]
[Site "Konya"]
[Date "2017.07.18"]
[Round "3"]
[White "Erturan, Yakup"]
[Black "Annaberdiyev, Babageldi"]
[Result "1-0"]
[ECO "A44"]
[WhiteElo "2371"]
[BlackElo "2262"]
[Annotator "NA"]
[PlyCount "89"]
[EventType "team-tourn"]
[EventCountry "TUR"]
[SourceTitle "playchess.com"]
[Source "ChessBase"]
[SourceQuality "1"]
[TimeControl "5400+30"]

1. d4 c5 2. d5 e5 3. c4 d6 4. Nc3 Be7 5. e4 a6 6. Bd3 Bg5 7. Nge2 Bxc1 8. Qxc1 Ne7 9. O-O O-O 10. Ng3 Ng6 11. Qe3 Nf4 12. Rfb1 g6 13. Bf1 Nd7 14. Nge2 Nxe2+ 15. Bxe2 f5 16. exf5 gxf5 17. f4 Qf6 18. fxe5 Nxe5 19. g3 Bd7 20. Rf1 Qg7 21. Rf2 Rae8 22. Qd2 Ng6 23. Kh1 Re5 24. Raf1 Rfe8 25. Bd3 Rf8 26. Ne2 b5 27. b3 b4 28. Nf4 Re7 29. Nxg6 hxg6 30. g4 Qd4 31. gxf5 Bxf5 32. Bxf5 Qxd2 33. Rxd2 Rxf5 34. Rxf5 gxf5 35. Kg2 Re1 36. Kf2 Ra1 37. Kf3 Kf7 38. Re2 Kg6 39. Re6+ Kg5 40. Rxd6 Rxa2 41. h4+ Kxh4 42. Rc6 Kg5 43. Rxc5 Rb2 44. d6 Rxb3+ 45. Ke2 1-0

[Event "1st Turkish League 2017"]
[Site "Konya"]
[Date "2017.07.18"]
[Round "3"]
[White "Khukhashvili, Sopiko"]
[Black "Temel, Burcu Melis"]
[Result "1/2-1/2"]
[ECO "A30"]
[WhiteElo "2339"]
[BlackElo "1846"]
[Annotator "NA"]
[PlyCount "127"]
[EventType "team-tourn"]
[EventCountry "TUR"]
[SourceTitle "playchess.com"]
[Source "ChessBase"]
[SourceQuality "1"]
[TimeControl "5400+30"]

1. c4 c5 2. Nf3 Nc6 3. g3 e6 4. Bg2 Nge7 5. O-O g6 6. d4 cxd4 7. Nxd4 Bg7 8. Nb5 O-O 9. Nd6 Qb6 10. Nc3 Nd4 11. Nce4 Nef5 12. c5 Qa6 13. e3 Nxd6 14. Nxd6 Nc6 15. a3 b6 16. cxb6 Qxb6 17. Rb1 Ba6 18. Re1 Ne5 19. Bf1 Bxf1 20. Rxf1 a5 21. e4 Ra6 22. Be3 Qxd6 23. Qxd6 Rxd6 24. Bc5 Rd2 25. Bxf8 Kxf8 26. b4 axb4 27. axb4 Re2 28. Kg2 Nc4 29. b5 Bd4 30. Rb4 Rc2 31. Kh3 Bc5 32. Ra4 Nb6 33. Ra6 Rb2 34. f4 d5 35. f5 gxf5 36. exf5 e5 37. f6 Ke8 38. Ra7 Nc4 39. Rb7 Na5 40. Rb8+ Kd7 41. Ra1 Bd6 42. Ra8 Nc4 43. Kg4 h6 44. Rh8 Rxb5 45. Rxh6 Ke6 46. h4 e4 47. h5 Ne3+ 48. Kh3 Nf5 49. Rh8 Rb3 50. Rg1 Bxg3 51. h6 Nxh6 52. Rxg3 Rxg3+ 53. Kxg3 Nf5+ 54. Kf4 Nd6 55. Rh5 d4 56. Re5+ Kxf6 57. Rd5 Ke6 58. Rxd4 f5 59. Rd1 Nc4 60. Ra1 e3 61. Re1 Kd5 62. Kxf5 Kd4 63. Kf4 Kd3 64. Rxe3+ 1/2-1/2

[Event "1st Turkish League 2017"]
[Site "Konya"]
[Date "2017.07.18"]
[Round "3"]
[White "Kilic, Efe Mert"]
[Black "Dedebas, Emre Emin"]
[Result "1/2-1/2"]
[ECO "C45"]
[WhiteElo "2287"]
[BlackElo "2322"]
[Annotator "NA"]
[PlyCount "60"]
[EventType "team-tourn"]
[EventCountry "TUR"]
[SourceTitle "playchess.com"]
[Source "ChessBase"]
[SourceQuality "1"]
[TimeControl "5400+30"]

1. e4 e5 2. Nf3 Nc6 3. d4 exd4 4. Nxd4 Bc5 5. Nb3 Bb6 6. Qe2 d6 7. Be3 Nge7 8. Nc3 O-O 9. O-O-O f5 10. Bxb6 axb6 11. exf5 Nxf5 12. f4 Re8 13. Qf2 Be6 14. Kb1 Bxb3 15. cxb3 Ne3 16. Bc4+ Kh8 17. Rde1 Nxc4 18. Rxe8+ Qxe8 19. bxc4 Qf7 20. Nd5 b5 21. Qc2 bxc4 22. Qxc4 Qf5+ 23. Ka1 Na5 24. Ne3 Nxc4 25. Nxf5 Rf8 26. Rc1 d5 27. b3 Rxf5 28. bxc4 dxc4 29. Rxc4 c6 30. Kb2 h5 1/2-1/2